 Dungeon Crawl Stone Soup version 0.30-a0-743-gbfdf073431 (webtiles) character file.

Game seed: 7321293546090594529

78 hikkokomori the Slasher (level 4, -1/35 HPs)
             Began as a Demonspawn Gladiator on Feb 7, 2023.
             Slain by a nameless horror (2 damage)
             ... created by miscasting Summon Guardian Golem
             ... on level 5 of the Dungeon.
             The game lasted 00:04:26 (2036 turns).

hikkokomori the Slasher (Demonspawn Gladiator)      Turns: 2036, Time: 00:04:27

Health: -1/35      AC:  5    Str: 14    XL:     4   Next: 15%
Magic:  0/4        EV: 13    Int:  9    God:
Gold:   135        SH:  0    Dex: 17    Spells: 0/3 levels left

rFire   . . .      SeeInvis .    a - +0 long sword
rCold   . . .      Faith    .    (no shield)
rNeg    + . .      Spirit   .    b - +0 leather armour
rPois   .          Reflect  .    c - +1 helmet
rElec   .          Harm     .    (no cloak)
rCorr   .          Rampage  .    (no gloves)
Will    .....                    (no boots)
Stlth   ++                       (no amulet)
HPRegen 0.25/turn                l - ring of positive energy
MPRegen 0.09/turn                (no ring)

@: very slightly contaminated
A: foul stench 1, sturdy frame 1, demonic magic 1
a: no special abilities


You were on level 5 of the Dungeon.
You visited 1 branch of the dungeon, and saw 5 of its levels.

You collected 135 gold pieces.

Inventory:

Hand Weapons
 a - a +0 long sword (weapon)
Missiles
 e - a javelin (quivered)
Armour
 b - a +0 leather armour (worn)
 c - a +1 helmet (worn)
Jewellery
 l - a ring of positive energy (left hand)
Scrolls
 q - a scroll of poison
Potions
 k - a potion of resistance
 n - a potion of curing {unknown}
 p - a potion of degeneration {unknown}


   Skills:
 + Level 3.0 Fighting
 + Level 3.4 Long Blades
 - Level 1.7 Throwing
 - Level 2.6 Dodging
 + Level 2.0 Stealth


You couldn't memorise any spells.
You knew the following spells:

 Your Spells              Type           Power      Damage    Failure   Level
a - Summon Guardian Gole  Hex/Summ       0%         N/A       77%         3

Your spell library contained the following spells:

 Spells                   Type           Power      Damage    Failure   Level
 Orb of Destruction       Conj           0%         9d5       100%        7
 Spellforged Servitor     Conj/Summ      0%         N/A       100%        7


Dungeon Overview and Level Annotations

Branches:
Dungeon (4/15)
 Temple: D:4-7

Altars:

Annotations:
D:3 Ijyb, Sigmund


Innate Abilities, Weirdness & Mutations

You may rarely emit foul miasma when damaged in melee.
Your movements are slightly less encumbered by armour. (ER -2)
Spells you cast may paralyse adjacent enemies.


Message History

You are very lightly contaminated with residual magic.
A chorus of moans calls out in your mind.
A nameless horror comes into view.
Press: ? - help, v - describe, . - travel
Here: a nameless horror (durably summoned)
The floor.
Unknown command.
You hit the nameless horror but do no damage.
The nameless horror misses you.
You hit the nameless horror.
The nameless horror is lightly damaged.
The nameless horror hits you!
You feel your power leaking away.
You hit the nameless horror.
The nameless horror is lightly damaged.
The nameless horror closely misses you.
You hit the nameless horror but do no damage.
The nameless horror is lightly damaged.
The nameless horror completely misses you.
The nameless horror hits you!
You hit the nameless horror.
The nameless horror is moderately damaged.
The nameless horror hits you.
You hit the nameless horror.
The nameless horror is moderately damaged.
The nameless horror hits you!
* * * LOW HITPOINT WARNING * * *
You slash the nameless horror!
The nameless horror is severely damaged.
The nameless horror completely misses you.
You hit the nameless horror but do no damage.
You punch the nameless horror.
The nameless horror is severely damaged.
The nameless horror hits you!
* * * LOW HITPOINT WARNING * * *
You feel your power leaking away.
You hit the nameless horror but do no damage.
The nameless horror is severely damaged.
The nameless horror hits you.
You die...

.. .. .. #. ###
###..###.###########
#.....+.....#..#...#
#.....#.....#..'...#.....#
.......#....X#..#...#.....#
..D....#....@'..#...#.....#
.#...######+###.##.##.....#
...#..........#+####......#
.#............#....#......#
.............#....#......#
..........#....+......#
.......$..#+####......#
###+###...........#####
#...........#


You could see a nameless horror.

Vanquished Creatures
  A gnoll (D:1)
  An adder (D:2)
  2 worms
  A dart slug (D:2)
  2 orcs (D:3)
  5 bats
  3 endoplasms
  4 hobgoblins
  4 jackals
  4 kobolds
  7 quokkas
  3 frilled lizards
  4 goblins
  5 rats
46 creatures vanquished.

Notes
Turn   | Place    | Note
-------+----------+-------------------------------------------
     0 | D:1      | hikkokomori the Demonspawn Gladiator began the quest for
                  | the Orb.
     0 | D:1      | Reached XP level 1. HP: 16/16 MP: 1/1
    16 | D:1      | Gained mutation: Spells you cast may paralyse adjacent
                  | enemies. [demonic ancestry]
    16 | D:1      | Reached XP level 2. HP: 22/22 MP: 2/2
   136 | D:1      | Reached skill level 1 in Stealth
   636 | D:2      | Gained mutation: Your movements are slightly less
                  | encumbered by armour. (ER -2) [demonic ancestry]
   636 | D:2      | Reached XP level 3. HP: 19/28 MP: 3/3
  1498 | D:3      | Gained mutation: You may rarely emit foul miasma when
                  | damaged in melee. [demonic ancestry]
  1498 | D:3      | Reached XP level 4. HP: 35/35 MP: 4/4
  1626 | D:3      | Noticed Sigmund
  1639 | D:3      | Noticed Ijyb
  1834 | D:4      | You fall into a shaft and drop 1 floor!
  1834 | D:5      | Entered Level 5 of the Dungeon
  1843 | D:5      | Noticed an ogre
  1883 | D:5      | Noticed a steam dragon
  1891 | D:5      | Learned a level 3 spell: Summon Guardian Golem
  2027 | D:5      | Noticed a nameless horror
  2035 | D:5      | HP: 1/35 [nameless horror[miscasting Summon Guardian Golem]
                  | (7)]
  2036 | D:5      | Slain by a nameless horror

Illustrated notes

Levels and vault maps discovered:
D:1:      mrwooster_arrival_statue_2, layout_rooms, serial_rivers,
          chequers_serial_rivers_micro_b, chequers_serial_rivers_small_a,
          chequers_serial_rivers_large_b, chequers_serial_rivers_micro_c,
          chequers_serial_rivers_micro_d, minmay_cut_off
D:2:      layout_loops_ring, minmay_fractal_squares_gapless_5
D:3:      layout_basic, mainiacjoe_overflow_surrounded_room, uniq_ijyb,
          uniq_sigmund
D:4:      layout_loops_cross, mainiacjoe_overflow_catch_the_wave,
          mainiacjoe_overflow_24_doors, minitemple, mainiacjoe_overflow_alcove_4
D:5:      layout_gridville, minmay_temple_entry_sparse_star, serial_shops, shop

Skill      XL: |  1  2  3  4 |
---------------+-------------+-----
Stealth        | 1 2 |  2.0
Long Blades    | 3 |  3.4
Fighting       | 3 |  3.0
Throwing       | |  1.7
Dodging        | |  2.6

Action                     |  1- 3 |  4- 6 || total
---------------------------+-------+-------++-------
  Melee: Long sword        |   130 |    17 ||   147
         Punch             |       |     1 ||     1
  Throw: Throwing net      |       |     3 ||     3
    Use: Potion            |     3 |     4 ||     7
         Scroll            |       |     5 ||     5
   Stab: Sleeping          |     6 |       ||     6
         Held in net/web   |       |     1 ||     1
 Armour: Leather armour    |    45 |     1 ||    46
  Dodge: Dodged            |   107 |    12 ||   119

Table legend: (Time is in decaauts)
 A = Elapsed time spent in this place.
 B = Non-inter-level travel time spent in this place.
 C = Inter-level travel time spent in this place.
 D = Time resting spent in this place.
 E = Time spent auto-exploring this place.
 F = Levels seen in this place.
 G = Mean time per level.
                   A        B        C        D        E       F      G
               +--------+--------+--------+--------+--------+-----+--------+
         Total |   2083 |   2000 |     83 |    232 |   1308 |   5 |  416.6 |
       Dungeon |   2083 |   2000 |     83 |    232 |   1308 |   5 |  416.6 |
               +--------+--------+--------+--------+--------+-----+--------+

Top non-repeatable levels by time:
     D:2: 848 daAuts
     D:1: 628 daAuts
     D:3: 398 daAuts
     D:5: 208 daAuts
